General information
- name: BNet
- type: Ladder team game (AT/RT)
- host: Battle.net
- saver: Tvyuwinder
map: Cherryville
- players: 8
- length: 17:56
- speed: Fast
- version: 1.26 W3XP
- replay type: Public
» download(115 KB)
Players
team 1 (winner)
YoonA. (
teal | 100 APM | 1795 actions | 17:55)
5 Blademaster
3 Critical Strike
2 Wind Walk
4 Shadow Hunter
3 Healing Wave
1 Hex
2 Tauren Chieftain
1 Endurance Aura
1 War Stomp
» actions
| Assign group hotkey | 24 | |
| Basic commands | 100 | |
| Build / train | 89 | |
| Enter build submenu | 19 | |
| Enter hero's abilities submenu | 11 | |
| Give item / drop item | 5 | |
| Remove unit from queue | 3 | |
| Right click | 608 | |
| Select / deselect | 327 | |
| Select group hotkey | 521 | |
| Use ability | 88 | |
1795 total
» units
| Peon | 9 | |
| Grunt | 3 | |
| Goblin Shredder | 1 | |
| Troll Batrider | 3 | |
| Wind Rider | 2 | |
| Shaman | 3 | |
| Tauren | 2 | |
| Troll Witch Doctor | 1 | |
| Kodo Beast | 1 | |
25 total
» upgrades
| Envenomed Spears | 1 | |
| War Drums Damage Increase | 1 | |
| Shaman Training | 2 | |
| Witch Doctor Training | 2 | |
| Pulverize | 1 | |
| Armor | 1 | |
8 total
» buildings
| Altar of Storms | 1 | |
| Orc Burrow | 7 | |
| Barracks | 1 | |
| Voodoo Lounge | 1 | |
| Stronghold | 2 | |
| Great Hall | 2 | |
| War Mill | 1 | |
| Fortress | 1 | |
| Beastiary | 4 | |
| Spirit Lodge | 2 | |
| Tauren Totem | 1 | |
23 total
» build order
00:07 Altar of Storms
00:21 Orc Burrow
00:36 Barracks
01:33 Orc Burrow
01:53 Voodoo Lounge
03:32 Stronghold
03:33 Stronghold
04:08 Great Hall
04:22 Orc Burrow
05:23 War Mill
07:07 Fortress
07:10 Beastiary
07:12 Beastiary
08:00 Beastiary
08:39 Beastiary
09:43 Spirit Lodge
10:42 Orc Burrow
10:45 Spirit Lodge
11:07 Orc Burrow
11:40 Tauren Totem
12:09 Orc Burrow
15:30 Orc Burrow
17:47 Great Hall
» items
| Healing Salve | 6 | |
| Boots of Speed | 1 | |
| Circlet of Nobility | 2 | |
| Scroll of Town Portal | 1 | |
| Orb of Lightning | 2 | |
| Lesser Clarity Potion | 1 | |
| Scroll of Healing | 1 | |
14 total
Tvyuwinder (
blue | 86 APM | 1535 actions | 17:56)
6 Archmage
3 Summon Water Elemental
2 Brilliance Aura
1 Mass Teleport
» actions
| Assign group hotkey | 113 | |
| Basic commands | 42 | |
| Build / train | 104 | |
| Enter build submenu | 36 | |
| Enter hero's abilities submenu | 6 | |
| Right click | 609 | |
| Select / deselect | 310 | |
| Select group hotkey | 243 | |
| Use ability | 72 | |
1535 total
» units
| Peasant | 16 | |
| Footman | 13 | |
| Rifleman | 16 | |
45 total
» upgrades
| Defend | 1 | |
| Masonry | 3 | |
| Gunpowder | 3 | |
| Long Rifles | 1 | |
| Lumber Harvesting | 1 | |
| Armor | 2 | |
| Magic Sentry | 1 | |
| Animal War Training | 1 | |
| Sorceress Training | 1 | |
14 total
» buildings
| Altar of Kings | 1 | |
| Farm | 6 | |
| Barracks | 3 | |
| Arcane Vault | 1 | |
| Scout Tower | 15 | |
| Arcane Tower | 6 | |
| Lumber Mill | 1 | |
| Guard Tower | 11 | |
| Keep | 4 | |
| Town Hall | 1 | |
| Blacksmith | 1 | |
| Castle | 1 | |
| Arcane Sanctum | 1 | |
| Workshop | 1 | |
53 total
» build order
00:04 Altar of Kings
00:09 Farm
00:43 Barracks
00:57 Farm
01:40 Arcane Vault
01:56 Farm
02:54 Farm
02:56 Scout Tower
03:33 Arcane Tower
03:34 Arcane Tower
03:34 Arcane Tower
03:34 Arcane Tower
04:33 Scout Tower
04:36 Lumber Mill
05:12 Arcane Tower
05:31 Scout Tower
05:57 Guard Tower
06:33 Keep
06:34 Keep
07:14 Scout Tower
07:14 Scout Tower
07:15 Scout Tower
07:20 Scout Tower
07:23 Scout Tower
07:41 Guard Tower
07:42 Guard Tower
07:44 Guard Tower
07:48 Town Hall
08:07 Guard Tower
08:14 Guard Tower
08:34 Blacksmith
08:58 Scout Tower
08:59 Scout Tower
09:21 Scout Tower
09:24 Scout Tower
09:26 Scout Tower
09:34 Scout Tower
09:49 Guard Tower
10:01 Guard Tower
10:02 Guard Tower
10:04 Guard Tower
10:34 Castle
10:43 Farm
11:31 Scout Tower
12:07 Farm
13:08 Barracks
13:11 Barracks
13:49 Arcane Sanctum
15:35 Workshop
16:35 Guard Tower
» items
| Scroll of Regeneration | 11 | |
| Mechanical Critter | 2 | |
| Scroll of Town Portal | 2 | |
| Potion of Healing | 1 | |
16 total
daggerbones (
orange | 16 APM | 283 actions | 17:55)
1 Lich
1 Frost Nova
» actions
| Build / train | 28 | |
| ESC pressed | 1 | |
| Enter build submenu | 9 | |
| Enter hero's abilities submenu | 2 | |
| Right click | 162 | |
| Select / deselect | 72 | |
| Use ability | 9 | |
283 total
» units
| Acolyte | 2 | |
| Ghoul | 13 | |
| Crypt Fiend | 3 | |
18 total
» upgrades
| Unholy Armor | 1 | |
| Unholy Strength | 1 | |
2 total
» buildings
| Altar of Darkness | 1 | |
| Ziggurat | 4 | |
| Crypt | 1 | |
| Graveyard | 1 | |
| Nerubian Tower | 1 | |
| Spirit Tower | 3 | |
| Halls of the Dead | 1 | |
| Black Citadel | 1 | |
13 total
» build order
00:13 Altar of Darkness
00:19 Ziggurat
00:43 Crypt
01:06 Graveyard
01:48 Ziggurat
02:07 Nerubian Tower
03:44 Spirit Tower
05:04 Halls of the Dead
05:11 Ziggurat
07:05 Spirit Tower
07:36 Ziggurat
07:43 Black Citadel
08:50 Spirit Tower
todd3 (
purple | 24 APM | 428 actions | 17:55)
4 Demon Hunter
2 Immolation
1 Mana Burn
1 Evasion
» actions
| Assign group hotkey | 9 | |
| Basic commands | 86 | |
| Build / train | 60 | |
| Enter build submenu | 17 | |
| Enter hero's abilities submenu | 4 | |
| Right click | 1 | |
| Select / deselect | 147 | |
| Select group hotkey | 62 | |
| Use ability | 42 | |
428 total
» units
| Wisp | 23 | |
| Huntress | 8 | |
| Dryad | 12 | |
| Chimaera | 3 | |
46 total
» upgrades
| Strength of the Moon | 2 | |
| Abolish Magic | 1 | |
| Strength of the Wild | 1 | |
| Corrosive Breath | 1 | |
5 total
» buildings
| Altar of Elders | 1 | |
| Moon Well | 5 | |
| Ancient of War | 1 | |
| Hunter's Hall | 1 | |
| Tree of Ages | 1 | |
| Ancient of Wonders | 1 | |
| Ancient of Lore | 1 | |
| Ancient Protector | 3 | |
| Tree of Eternity | 1 | |
| Ancient of Wind | 1 | |
| Chimaera Roost | 1 | |
| Tree of Life | 1 | |
18 total
» build order
00:06 Altar of Elders
00:09 Moon Well
01:09 Ancient of War
02:06 Hunter's Hall
02:35 Tree of Ages
03:31 Moon Well
04:43 Ancient of Wonders
05:27 Ancient of Lore
05:53 Moon Well
06:34 Ancient Protector
07:17 Moon Well
08:16 Ancient Protector
08:50 Tree of Eternity
10:14 Ancient of Wind
12:03 Chimaera Roost
12:42 Moon Well
13:04 Ancient Protector
15:13 Tree of Life
» items
| Scroll of Town Portal | 1 | |
| Orb of Venom | 1 | |
2 total
team 2 (loser)
lolisuck- (
green | 99 APM | 1712 actions | 17:12)
3 Blademaster
2 Wind Walk
1 Critical Strike
3 Keeper of the Grove
2 Entangling Roots
1 Thorns Aura
2 Shadow Hunter
1 Hex
1 Healing Wave
» actions
| Assign group hotkey | 24 | |
| Basic commands | 149 | |
| Build / train | 71 | |
| Enter build submenu | 30 | |
| Enter hero's abilities submenu | 8 | |
| Right click | 512 | |
| Select / deselect | 333 | |
| Select group hotkey | 514 | |
| Use ability | 71 | |
1712 total
» units
| Wisp | 10 | |
| Peon | 14 | |
| Huntress | 5 | |
| Wind Rider | 10 | |
| Archer | 4 | |
| Kodo Beast | 1 | |
| Raider | 1 | |
| Dryad | 2 | |
47 total
» upgrades
| Envenomed Spears | 2 | |
| Reinforced Defenses | 1 | |
| Sentinel | 1 | |
| Ensnare | 1 | |
| Improved Bows | 1 | |
6 total
» buildings
| Orc Burrow | 7 | |
| Altar of Storms | 1 | |
| Moon Well | 4 | |
| Voodoo Lounge | 1 | |
| Altar of Elders | 1 | |
| Stronghold | 2 | |
| Hunter's Hall | 1 | |
| Ancient of War | 2 | |
| War Mill | 1 | |
| Beastiary | 2 | |
| Fortress | 1 | |
| Tree of Ages | 1 | |
| Ancient of Lore | 2 | |
| Tree of Eternity | 1 | |
| Ancient of Wind | 1 | |
| Spirit Lodge | 2 | |
30 total
» build order
00:13 Orc Burrow
00:26 Altar of Storms
00:32 Moon Well
00:51 Voodoo Lounge
01:13 Altar of Elders
01:25 Stronghold
01:46 Orc Burrow
02:04 Hunter's Hall
02:12 Moon Well
02:25 Ancient of War
03:05 Ancient of War
03:24 Moon Well
03:46 War Mill
04:00 Beastiary
04:06 Beastiary
05:12 Orc Burrow
05:32 Moon Well
05:56 Fortress
06:35 Orc Burrow
07:23 Orc Burrow
07:38 Orc Burrow
10:01 Tree of Ages
11:20 Orc Burrow
12:45 Ancient of Lore
12:46 Ancient of Lore
13:38 Tree of Eternity
15:30 Ancient of Wind
15:43 Spirit Lodge
15:45 Spirit Lodge
» items
| Healing Salve | 1 | |
| Orb of Lightning | 1 | |
2 total
Noobfest (
red | 32 APM | 578 actions | 17:55)
4 Archmage
2 Summon Water Elemental
2 Brilliance Aura
1 Mountain King
1 Storm Bolt
» actions
| Basic commands | 25 | |
| Build / train | 57 | |
| Enter build submenu | 20 | |
| Enter hero's abilities submenu | 5 | |
| Give item / drop item | 2 | |
| Right click | 270 | |
| Select / deselect | 162 | |
| Use ability | 37 | |
578 total
» units
| Peasant | 8 | |
| Rifleman | 10 | |
| Priest | 3 | |
| Peon | 1 | |
| Sorceress | 4 | |
| Siege Engine | 5 | |
31 total
» upgrades
| Gunpowder | 1 | |
| Armor | 1 | |
| Priest Training | 2 | |
| Magic Sentry | 1 | |
| Long Rifles | 1 | |
| Barrage | 1 | |
| Plating | 1 | |
| Sorceress Training | 1 | |
9 total
» buildings
| Altar of Kings | 1 | |
| Farm | 6 | |
| Blacksmith | 1 | |
| Barracks | 1 | |
| Scout Tower | 3 | |
| Arcane Tower | 2 | |
| Keep | 1 | |
| Arcane Sanctum | 1 | |
| Castle | 1 | |
| Workshop | 1 | |
| Town Hall | 1 | |
| Lumber Mill | 2 | |
21 total
» build order
00:17 Altar of Kings
00:28 Farm
01:10 Blacksmith
01:20 Barracks
01:51 Farm
02:22 Farm
03:06 Farm
03:39 Farm
03:45 Scout Tower
04:21 Arcane Tower
05:24 Keep
07:00 Scout Tower
07:50 Arcane Sanctum
07:52 Arcane Tower
09:19 Castle
10:38 Workshop
12:47 Scout Tower
13:25 Farm
13:41 Town Hall
15:21 Lumber Mill
16:23 Lumber Mill
» items
| Healing Salve | 1 | |
| Lesser Clarity Potion | 1 | |
| Scroll of Town Portal | 2 | |
| Potion of Lesser Invulnerability | 1 | |
| Orb of Lightning | 1 | |
6 total
gorithan (
yellow | 30 APM | 531 actions | 17:50)
3 Far Seer
2 Feral Spirit
1 Chain Lighting
» actions
| Assign group hotkey | 2 | |
| Basic commands | 4 | |
| Build / train | 37 | |
| Enter build submenu | 17 | |
| Enter hero's abilities submenu | 3 | |
| Give item / drop item | 1 | |
| Remove unit from queue | 2 | |
| Right click | 265 | |
| Select / deselect | 173 | |
| Use ability | 27 | |
531 total
» units
| Peon | 8 | |
| Grunt | 8 | |
| Demolisher | 4 | |
| Tauren | 5 | |
25 total
» upgrades
» buildings
| Altar of Storms | 1 | |
| Orc Burrow | 7 | |
| Barracks | 3 | |
| Stronghold | 1 | |
| War Mill | 1 | |
| Voodoo Lounge | 1 | |
| Fortress | 1 | |
| Tauren Totem | 2 | |
| Spirit Lodge | 1 | |
18 total
» build order
00:17 Altar of Storms
00:23 Orc Burrow
01:02 Orc Burrow
01:47 Barracks
01:58 Barracks
02:25 Barracks
02:44 Orc Burrow
02:54 Orc Burrow
06:02 Stronghold
06:08 Orc Burrow
06:22 War Mill
07:31 Voodoo Lounge
08:39 Fortress
11:07 Tauren Totem
11:13 Tauren Totem
12:17 Spirit Lodge
12:45 Orc Burrow
12:59 Orc Burrow
» items
| Potion of Lesser Invulnerability | 1 | |
| Scroll of Town Portal | 1 | |
2 total
Chat log
(00:18 / Allies) Tvyuwinder: they will probably rush
(00:19 / Allies) Tvyuwinder: 3v4
(00:20 / Allies) todd3: arte you guys any good?
(00:39 / Allies) Tvyuwinder: well I'm not 26-47 if you are asking lol
(00:53 / Allies) todd3: i mean good enough to play a level 26
(01:06 / Allies) Tvyuwinder: level means nothing you havent been able to get to 50 for years
(01:22 / Allies) todd3: well usually if they are high up they have some experience
(01:27 / Allies) todd3: if we play together well win
(01:33 / Allies) Tvyuwinder: i have played shitty lvl 30s and pro level 3s
(01:35 / Allies) todd3: ill go hunts, dryads, and chims
(01:43 / Allies) todd3: units guys?
(01:49 / Allies) Tvyuwinder: early footies since they mightt rush
(01:57 / Allies) todd3: undead should get some seige and frosties
(03:17 / Allies) todd3: we should haras
(03:20 / Allies) Tvyuwinder: yeah
(03:56 / Allies) todd3: orange do you talk?
(04:13 / Allies) todd3: blue let sharass green
(04:19 / Allies) Tvyuwinder: k
(04:28 / Allies) todd3: teal and orange you guys need to harass
(05:36 / Allies) todd3: orange and tela need to talk damn
(05:43 / Allies) Tvyuwinder: they are robots
(05:49 / Allies) todd3: they are...?
(05:52 / Allies) Tvyuwinder: apparently
(06:56 / Allies) todd3: blue do you want this one?
(06:58 / Allies) Tvyuwinder: sure
(06:58 / Allies) Tvyuwinder: ty
(07:05 / Allies) todd3: lets take that
(07:09 / Allies) Tvyuwinder: k
(07:18 / Allies) daggerbones: they comin
(07:21 / Allies) todd3: ok
(07:28 / Allies) todd3: blue heal too
(07:34 / Allies) Tvyuwinder: alright
(08:02 / Allies) Tvyuwinder: omw but have no tp
(08:28 / Allies) Tvyuwinder: need aa
(08:32 / Allies) todd3: on it
(08:42 / Allies) todd3: fuck
(09:45 / Allies) Tvyuwinder: if we lose this oh well, i blame teal and oj
(09:56 / Allies) todd3: they didnt get any troops
(09:58 / Allies) Tvyuwinder: yeah
(10:29 / Allies) todd3: yeah not looking good
(10:30 / Allies) Tvyuwinder: oj gave me 1400 gold lol, all that saved up wow
(10:53 / Allies) todd3: ill get chims soon
(10:55 / Allies) Tvyuwinder: k good
(10:58 / Allies) Tvyuwinder: yeah
(11:00 / Allies) Tvyuwinder: chippo
(11:10 / Allies) Tvyuwinder: teal is making bats at least
(11:31 / Allies) todd3: i need an expo soon
(11:42 / Allies) Tvyuwinder: they arent hitting, they probably are
(11:45 / Allies) Tvyuwinder: could take one
(11:53 / Allies) todd3: ?
(11:56 / Allies) Tvyuwinder: k
(12:33 / Allies) todd3: thanks
(12:35 / Allies) Tvyuwinder: np
(12:41 / Allies) Tvyuwinder: id get a couple of protectors
(12:47 / Allies) todd3: yeah
(13:12 / Allies) todd3: anyone have extra wood?
(13:23 / Allies) todd3: to blue
(13:33 / Allies) todd3: or not?
(13:38 / Allies) Tvyuwinder: have to
(13:39 / Allies) Tvyuwinder: if they hit
(13:46 / Allies) todd3: ok
(13:56 / Allies) todd3: they ran back so i was unsure
(14:01 / Allies) Tvyuwinder: i am too
(14:11 / Allies) Tvyuwinder: they are hitting
(14:38 / Allies) todd3: peasants in the way
(14:59 / Allies) Tvyuwinder: counter
(15:12 / Allies) Tvyuwinder: id hit expos imo
(15:14 / Allies) todd3: hit them
(15:34 / Allies) todd3: heal that shooter
(15:45 / Allies) Tvyuwinder: cant, have to hit
(15:49 / Allies) todd3: ok
(15:54 / Allies) Tvyuwinder: careful teal
(15:56 / Allies) Tvyuwinder: we are hittign an expo
(16:15 / Allies) Tvyuwinder: they got no expo
(16:21 / Allies) todd3: ok
(16:41 / All) lolisuck-: GG
(16:43 / All) lolisuck-: RED FTW
(16:47 / All) Tvyuwinder: gg
(16:47 / Allies) todd3: we won haha
(16:48 / All) Tvyuwinder: wp
(16:50 / Allies) Tvyuwinder: wow
(17:16 / Allies) Tvyuwinder: i thought we lost lol
(17:18 / Allies) Tvyuwinder: oj and teal sucked
(17:20 / Allies) todd3: same
(17:32 / Allies) todd3: back out
(17:38 / Allies) Tvyuwinder: brb
(17:38 / Allies) todd3: to teal
(17:39 / Allies) Tvyuwinder: mass tp
(17:53 / Allies) daggerbones: just cause you alive dont mean you good